Arena
510212919Analyzed2v2 RM
·
2d ago on Sep 30, 2026·
28m 52s·
4 players
Game mode
Random Map
Map size
Medium (4 player)
Population
200
Speed
Normal
Resources
Standard
Victory
Conquest
Starting age
Dark Age
Ending age
Imperial Age
RankedLock teamsTeams togetherTeam positionsShared explorationLock speedFull tech treeHidden civsTurbo modeCheats
Victory
Defeat
Replay analysis
Raygnard
8:50
Loom
10:53
Feudal Age
11:45
Double-Bit Axe
14:08
Loom
17:23
Castle Age
20:14
Bow Saw
19:46
Horse Collar
21:39
Padded Archer Armor
22:44
Fletching
27:05
Leather Archer Armor
27:29
Bodkin Arrow
29:24
Heavy Plow
Brick
12:07
Feudal Age
14:45
Wheelbarrow
14:25
Double-Bit Axe
17:06
Castle Age
15:03
Horse Collar
15:47
Scale Barding Armor
25:16
Heavy Plow
25:33
Husbandry
27:11
Hand Cart
27:08
Gold Mining
28:49
Bloodlines
mateosoria0811
12:39
Feudal Age
13:27
Double-Bit Axe
13:30
Horse Collar
16:12
Castle Age
15:30
Loom
17:38
Light Cavalry
21:40
Pikeman
22:21
Squires
23:39
Fletching
WENDIGO
4:01
Loom
12:19
Feudal Age
13:52
Wheelbarrow
13:04
Double-Bit Axe
13:41
Gold Mining
17:05
Stone Mining
17:10
Town Watch
20:04
Castle Age
21:03
Bow Saw
21:01
Scale Barding Armor
22:26
Chain Barding Armor
22:53
Hand Cart
23:15
Gold Shaft Mining
24:43
Husbandry